 Dungeon Crawl Stone Soup version 0.26.1-2-gb8aa6d0cf2 (webtiles) character file.

Game seed: 16456948988622552261

78 H0rd4k the Charlatan (level 4, -5/32 HPs)
             Began as a Human Artificer on Mar 18, 2021.
             Slain by an orc warrior
             ... wielding a +0 glaive
              (23 damage)
             ... on level 2 of the Dungeon.
             The game lasted 00:01:43 (1739 turns).

H0rd4k the Charlatan (Human Artificer)              Turns: 1739, Time: 00:01:43

Health: -5/32      AC:  3    Str: 13    XL:     4   Next: 61%
Magic:  4/4        EV: 11    Int: 11    God:
Gold:   65         SH:  0    Dex: 14    Spells: 3/3 levels left

rFire    . . .     SeeInvis .   g - +0 short sword (drain)
rCold    . . .     Faith    .   (no shield)
rNeg     . . .     Spirit   .   b - +0 leather armour
rPois    .         Reflect  .   (no helmet)
rElec    .         Harm     .   (no cloak)
rCorr    .         Rampage  .   (no gloves)
Will     .....                  (no boots)
Stlth    ++........             (no amulet)
HPRegen  0.10/turn              (no ring)
MPRegen  0.09/turn              (no ring)

@: no status effects
A: no striking features
a: no special abilities


You were on level 2 of the Dungeon.
You visited 1 branch of the dungeon, and saw 2 of its levels.

You collected 65 gold pieces.

Inventory:

Hand Weapons
 a - a +0 club
 f - a +0 dagger
 g - a +0 short sword of draining (weapon)
Armour
 b - a +0 leather armour (worn)
Jewellery
 j - an uncursed ring of protection from fire {unknown}
Wands
 c - a wand of flame (14) (quivered)
 d - a wand of enslavement (12)
 e - a wand of random effects (15)
Scrolls
 h - a scroll of identify {unknown}
 i - a scroll of teleportation {unknown}


   Skills:
 + Level 1.5 Fighting
 + Level 1.6 Short Blades
 + Level 2.4 Armour
 + Level 1.2 Dodging
 + Level 1.5 Stealth
 + Level 3.8 Evocations


You had 3 spell levels left.
You didn't know any spells.
Your spell library was empty.

Dungeon Overview and Level Annotations

Branches:
Dungeon (2/15)

Altars:


Message History

There is a stone staircase leading up here.
You hit the hobgoblin.
The hobgoblin is heavily wounded.
The hobgoblin barely misses you.
You hit the hobgoblin.
You kill the hobgoblin!
There is a stone staircase leading up, spattered with blood here.
You see here a +0 club.
The orc hits you with a +0 flail.
You barely miss the orc. The orc hits you with a +0 flail!
You barely miss the orc. The orc barely misses you.
You hit the orc.
The orc is moderately wounded.
The orc warrior misses you. The orc closely misses you.
You hit the orc.
The orc is almost dead.
The orc warrior barely misses you. The orc hits you with a +0 flail.
The orc warrior hits you from afar with a +0 glaive!!
Ouch! That really hurt!
You die...

###### #....#
##.$.@#########
#..>...o.......
.........#o##.####
...........##.#
.#.##..#.####<###########
# #............ooo.....
#.##..........##)...# #.
##.###.###.# .##.# # ....
#.# .# #


You could see an orc warrior and an orc.

Vanquished Creatures
  An orc wizard (D:2)
  An adder (D:1)
  4 dart slugs (D:1)
  3 leopard geckos (D:1)
  5 goblins (D:1)
  7 hobgoblins
  2 jackals (D:1)
  2 bats (D:1)
  2 frilled lizards (D:1)
  5 kobolds (D:1)
  4 rats (D:1)
36 creatures vanquished.

Vanquished Creatures (collateral kills)
  A jackal (D:1)
1 creature vanquished.

Vanquished Creatures (others)
  9 toadstools (D:2)
9 creatures vanquished.

Grand Total: 46 creatures vanquished

Notes
Turn   | Place    | Note
-------+----------+-------------------------------------------
     0 | D:1      | H0rd4k the Human Artificer began the quest for the Orb.
     0 | D:1      | Reached XP level 1. HP: 15/15 MP: 1/1
   263 | D:1      | Reached XP level 2. HP: 12/21 MP: 2/2
   420 | D:1      | Reached skill level 1 in Short Blades
   470 | D:1      | Reached XP level 3. HP: 26/26 MP: 3/3
  1106 | D:2      | Noticed an orc warrior
  1113 | D:2      | HP: 1/26 [orc warrior/+0 glaive (17)]
  1114 | D:2      | Reached XP level 4. HP: 1/32 MP: 4/4
  1739 | D:2      | Slain by an orc warrior

Illustrated notes

Levels and vault maps discovered:
D:1:      psy_arrival_dodecagon, layout_basic
D:2:      cheibrodos_fertilizer, layout_basic, minmay_rat_gold_closets

Skill      XL: |  1  2 |
---------------+-------+-----
Short Blades   | 1 |  1.6
Fighting       | |  1.5
Armour         | |  2.4
Dodging        | |  1.2
Stealth        | |  1.5
Evocations     | |  3.8

Action                   |  1- 3 |  4- 6 || total
-------------------------+-------+-------++-------
Melee: Dagger            |    10 |       ||    10
       Club              |     8 |       ||     8
       Short sword       |    74 |    16 ||    90
Evoke: Wand              |     1 |     3 ||     4
 Stab: Sleeping          |     1 |       ||     1
Armor: Leather armour    |    25 |     5 ||    30
Dodge: Dodged            |    65 |    13 ||    78
